AoeStats
← TheCaravel

Coastal Forest

513560955Analyzed
2v2 RM · 4d ago on Oct 14, 2026· 36m 28s· 4 players
Game mode
Random Map
Map size
Medium (4 player)
Population
200
Speed
Normal
Resources
Standard
Victory
Conquest
Starting age
Dark Age
Ending age
Imperial Age
RankedLock teamsTeams togetherTeam positionsShared explorationLock speedFull tech treeHidden civsTurbo modeCheats
Victory
Defeat
🇲🇽 Britons · Mexico
1091
+16
🇦🇺 Huns · Australia
1073
+17
vs
🇺🇸 Ethiopians · United States
1101
-16
🇺🇸 Vietnamese · United States
1099
-17
Victor_Wembanyama
10:43 Feudal Age
11:41 Double-Bit Axe
16:43 Castle Age
15:45 Horse Collar
16:01 Gold Mining
18:49 Bow Saw
20:23 Fletching
29:40 Ballistics
31:10 Bodkin Arrow
31:26 Forging
33:39 Marauders
34:38 Bloodlines
34:29 Husbandry
35:42 Iron Casting
35:14 Scale Barding Armor
37:51 Imperial Age
Yael090
3:24 Loom
10:34 Feudal Age
12:51 Wheelbarrow
12:32 Double-Bit Axe
16:23 Gold Mining
16:45 Fletching
17:31 Loom
17:32 Town Watch
21:44 Castle Age
19:58 Padded Archer Armor
21:48 Crossbowman
22:28 Bodkin Arrow
24:40 Ballistics
25:21 Leather Archer Armor
25:46 Gold Shaft Mining
26:12 Hand Cart
29:29 Bow Saw
29:07 Treadmill Crane
29:58 Stone Mining
32:01 Herbal Medicine
35:11 Imperial Age
36:13 Yeomen
37:14 Chemistry
36:19 Bracer
36:49 Ring Archer Armor
TheCaravel
9:02 Loom
10:47 Feudal Age
11:58 Double-Bit Axe
11:55 Horse Collar
12:08 Gold Mining
15:13 Fletching
16:35 Wheelbarrow
20:17 Castle Age
18:45 Padded Archer Armor
20:29 Crossbowman
21:56 Bow Saw
22:20 Elite Skirmisher
26:08 Bodkin Arrow
28:56 Thumb Ring
31:18 Leather Archer Armor
32:24 Ballistics
FallenVortex
9:18 Loom
12:04 Feudal Age
13:25 Double-Bit Axe
16:11 Castle Age
14:14 Horse Collar
17:04 Bow Saw
19:23 Wheelbarrow
21:43 Heavy Plow
21:38 Gold Mining
21:40 Stone Mining
26:08 Forging
25:59 Scale Mail Armor
29:04 Fletching
32:47 Iron Casting
Connection lost

Rejoining the realm…

Still unreachable

The connection could not be restored.

Session expired

The server has moved on; the page needs a fresh start.